 Dungeon Crawl Stone Soup version 0.27-a0-59-gfbafd837a3 (webtiles) character file.

Game seed: 6420561372323111738

161 Borgoz the Slasher (level 5, -5/46 HPs)
             Began as a Draconian Berserker on Jan 8, 2021.
             Was a Believer of Trog.
             Slain by Grinder (8 damage)
             ... on level 3 of the Dungeon.
             The game lasted 00:01:58 (1659 turns).

Borgoz the Slasher (Draconian Berserker)            Turns: 1659, Time: 00:01:59

Health: -5/46      AC:  5    Str: 20    XL:     5   Next: 19%
Magic:  5/5        EV: 13    Int:  7    God:    Trog [**....]
Gold:   134        SH:  0    Dex: 11    Spells: 4/4 levels left

rFire    . . .     SeeInvis .   a - +0 falchion
rCold    . . .     Faith    .   (no shield)
rNeg     . . .     Spirit   .   (armour unavailable)
rPois    .         Reflect  .   (helmet restricted)
rElec    .         Harm     .   (no cloak)
rCorr    .         Rampage  .   (no gloves)
Will     .....                  (no boots)
Stlth    +.........             (no amulet)
HPRegen  0.15/turn              (no ring)
MPRegen  0.09/turn              (no ring)

@: confused, berserk cooldown, slowed, very slow
A: unfitting armour, cold-blooded, AC +5
a: Renounce Religion, Berserk, Trog's Hand


You were on level 3 of the Dungeon.
You worshipped Trog.
Trog was pleased with you.
You visited 1 branch of the dungeon, and saw 3 of its levels.

You collected 134 gold pieces.

Inventory:

Hand Weapons
 a - a +0 falchion (weapon)
Wands
 n - a wand of random effects (17)
Scrolls
 c - a scroll of fog {unknown}
 d - 2 scrolls of immolation {unknown}
 f - a scroll of identify {unknown}
 g - a scroll of magic mapping {unknown}
 h - a scroll of enchant armour {unknown}
 i - a scroll of teleportation {unknown}
 j - a scroll of random uselessness {unknown}
 m - a scroll of remove curse {unknown}
Potions
 b - a potion of haste {unknown}
 e - a potion of berserk rage
 l - a potion of curing {unknown}


   Skills:
 + Level 4.1 Fighting
 * Level 4.3 Long Blades
 * Level 4.0 Dodging


You had 4 spell levels left.
You didn't know any spells.
Your spell library was empty.

Dungeon Overview and Level Annotations

Branches:
Dungeon (3/15)

Altars:

Annotations:
D:3 Grinder


Innate Abilities, Weirdness & Mutations

Your plain brown scales are hard. (AC +5)
You cannot fit into any form of body armour.
You are cold-blooded and may be slowed by cold attacks.


Message History

* * * LOW HITPOINT WARNING * * *
Items here: )) ††††.
You feel a strong urge to attack something.
Grinder blinks!
You are no longer berserk.
You are exhausted.
You feel yourself slow down.
Found a scroll labelled MIKKIZ GYUPH.
Grinder barely misses you.
Grinder drinks a potion.
Grinder seems to grow stronger.
It was a potion of ambrosia.
You are confused.
You feel invigorated. Grinder gestures at you.
You barely resist.
Okay, then.
Grinder hits you!
* * * LOW HITPOINT WARNING * * *
Grinder hits you!
You die...

..... .## ........ ..#
#.......###.## #.#
#......## #?#
#......### #.#
#).......# ###.#
#........#
##.##...######...<...##
......5@..)?........##
###...#########.....#
### #.......# #.......#
#.......# ##.....##
##...## #####


You could see Grinder (strong).

Vanquished Creatures
  A bullfrog (D:3)
  4 gnolls (D:3)
  2 adders
  3 leopard geckos (D:1)
  2 ball pythons (D:1)
  4 bats
  3 giant cockroaches
  3 goblins
  4 hobgoblins
  A quokka (D:2)
  2 frilled lizards (D:2)
  5 kobolds
  5 rats
39 creatures vanquished.

Notes
Turn   | Place    | Note
-------+----------+-------------------------------------------
     0 | D:1      | Borgoz the Draconian Berserker began the quest for the Orb.
     0 | D:1      | Reached XP level 1. HP: 19/19 MP: 1/1
   324 | D:1      | Reached XP level 2. HP: 24/26 MP: 2/2
  1094 | D:2      | Reached XP level 3. HP: 27/31 MP: 3/3
  1323 | D:2      | Reached ** piety under Trog
  1631 | D:3      | Noticed Grinder
  1632 | D:3      | Noticed a bullfrog
  1645 | D:3      | Reached XP level 4. HP: 28/40 MP: 4/4
  1652 | D:3      | Killed a bullfrog
  1653 | D:3      | Reached XP level 5. HP: 8/46 MP: 5/5
  1654 | D:3      | HP: 1/69 [Grinder/nerve-wracking pain (7)]
  1659 | D:3      | Slain by Grinder

Illustrated notes

Levels and vault maps discovered:
D:1:      dpeg_arrival_three_same_balls, layout_loops_ring
D:2:      layout_basic, skrybe_limestone_x
D:3:      layout_rooms, kennysheep_pointless_box, uniq_grinder,
          uniq_crazy_yiuf_cottage

Skill      XL: |  1  2  3  4  5 |
---------------+----------------+-----
Dodging        | 3 4 |  4.0
Fighting       | 4 |  4.1
Long Blades    | 4 |  4.3

Action                   |  1- 3 |  4- 6 || total
-------------------------+-------+-------++-------
Melee: Falchion          |   108 |     8 ||   116
       Tailslap          |     9 |     1 ||    10
  Use: Potion            |       |     2 ||     2
 Stab: Sleeping          |     2 |       ||     2
Armor: Skin              |    27 |     1 ||    28
Dodge: Dodged            |    74 |     6 ||    80
       Rpst.: Falchion   |    24 |       ||    24

Table legend: (Time is in decaauts)
 A = Elapsed time spent in this place.
 B = Non-inter-level travel time spent in this place.
 C = Inter-level travel time spent in this place.
 D = Time resting spent in this place.
 E = Time spent auto-exploring this place.
 F = Levels seen in this place.
 G = Mean time per level.
                   A        B        C        D        E       F      G
               +--------+--------+--------+--------+--------+-----+--------+
         Total |   1672 |   1614 |     58 |     74 |   1268 |   3 |  557.3 |
       Dungeon |   1672 |   1614 |     58 |     74 |   1268 |   3 |  557.3 |
               +--------+--------+--------+--------+--------+-----+--------+

Top non-repeatable levels by time:
     D:1: 1024 daAuts
     D:2: 599 daAuts
     D:3: 48 daAuts
